 Dungeon Crawl Stone Soup version 0.19-a0-854-gc78d25d (webtiles) character file.

138 sudo the Slasher (level 5, -9/36 HPs)
             Began as a High Elf Monk on July 1, 2016.
             Killed by divine providence
             ... invoked by an orc priest
              (14 damage)
             ... on level 3 of the Dungeon.
             The game lasted 00:02:47 (2175 turns).

sudo the Slasher (High Elf Monk)                    Turns: 2175, Time: 00:02:48

Health: -9/36      AC:  6    Str: 11    XL:     5   Next: 1%
Magic:  6/6        EV: 16    Int: 18    God:
Gold:   68         SH:  0    Dex: 23    Spells: 1 memorised, 2 levels left

rFire  . . .     SeeInvis .     a - +0 falchion
rCold  . . .     Gourm    .     p - +0 scale mail
rNeg   . . .     Faith    .     (no shield)
rPois  .         Spirit   .     (helmet restricted)
rElec  .         Dismiss  .     (no cloak)
rCorr  .         Reflect  .     (no gloves)
SustAt .         Harm     .     (no boots)
MR     .....     Clarity  +     (no amulet)
Stlth  ++........               (no ring)
                                (no ring)

@: brilliant, agile, lethally poisoned (-9 -> -13), not resistant to hostile
enchantments, unstealthy
A: horns 1, talons 1, clarity
a: no special abilities


You were on level 3 of the Dungeon.
You were hungry.

You visited 1 branch of the dungeon, and saw 3 of its levels.

You collected 68 gold pieces.

Inventory:

Hand Weapons
 a - a +0 falchion (weapon)
Armour
 b - a +0 robe
 p - a +0 scale mail (worn)
Scrolls
 d - a scroll of amnesia {unknown}
 f - 2 scrolls of random uselessness {unknown}
 i - a scroll of remove curse {unknown}
 k - a scroll of immolation {unknown}
 o - a scroll of identify {unknown}
Potions
 e - a potion of haste
Books
 r - a book of Spatial Translocations

   Spells                             Type                      Level
   a - Apportation                    Translocation                1
   b - Blink                          Translocation                2
   c - Shroud of Golubria             Charms/Translocation         2
   d - Portal Projectile              Translocation                3
   e - Teleport Other                 Translocation                3
   f - Passage of Golubria            Translocation                4
Comestibles
 c - 3 bread rations
 g - 3 meat rations
 j - 2 beef jerkies
 l - 3 fruits


   Skills:
 + Level 3.5 Fighting
 * Level 5.5 Long Blades
 + Level 0.3 Armour
 + Level 4.3 Dodging
 - Level 2.1 Stealth
 * Level 0.4 Spellcasting


You had 2 spell levels left.
You knew the following spells:

 Your Spells              Type           Power        Failure   Level  Hunger
a - Blink                 Tloc           N/A          41%         2    ###....


Dungeon Overview and Level Annotations

Branches:
Dungeon (3/15)

Altars:
Pakellas


Innate Abilities, Weirdness & Mutations

You have a pair of small horns on your head.
You have sharp toenails.
You possess an exceptional clarity of mind.


Message History

* * * LOW HITPOINT WARNING * * *
Unknown command.
You are too injured to fight recklessly!
You are too injured to fight recklessly!
You are too injured to fight recklessly!
You feel agile all of a sudden. The orc hits you but does no damage.
You hit the orc. You headbutt the orc.
The orc is almost dead.
The orc barely misses you.
You closely miss the orc. You claw the orc, but do no damage.
You headbutt the orc.
You kill the orc!
You have reached level 5!
You feel sick.
The orc priest miscasts a cantrip.
Unknown command.
The orc priest invokes the aid of Beogh against you.
Beogh smites you!
You die...

.# .. .# # ..# #
. #.# ### ...
###..## ...
.....#####.......
...
.....o).@$.......
..
.....####........
.. ...
####....(... (.
.. . #...........
. ...
#..##....... ...#
#..# ....... ...#
##.## ####..## #
.#..###..#
#.....# #
......#..#
#.....# #####.


You could see an orc priest.

Vanquished Creatures
  Jessica (D:3)
  4 adders
  2 oozes
  2 worms (D:2)
  3 dart slugs
  2 giant geckos (D:1)
  4 orcs (D:3)
  3 ball pythons
  2 giant cockroaches
  7 goblins
  5 hobgoblins
  5 bats
  3 giant newts
  7 kobolds
  4 rats
54 creatures vanquished.

Notes
Turn   | Place    | Note
-------+----------+-------------------------------------------
     0 | D:1      | sudo the High Elf Monk began the quest for the Orb.
     0 | D:1      | Reached XP level 1. HP: 16/16 MP: 2/2
   197 | D:1      | Reached skill level 4 in Long Blades
   198 | D:1      | Reached XP level 2. HP: 17/21 MP: 3/3
   753 | D:1      | Reached XP level 3. HP: 10/26 MP: 4/4
  1211 | D:2      | Found a faded altar of an unknown god.
  1690 | D:2      | Reached skill level 5 in Long Blades
  1795 | D:2      | Reached XP level 4. HP: 28/31 MP: 5/5
  1916 | D:3      | Found an oddly glowing altar of Pakellas.
  1931 | D:3      | Noticed Jessica
  1937 | D:3      | Killed Jessica
  2123 | D:3      | Learned a level 2 spell: Blink
  2159 | D:3      | Gained mutation: You have sharp toenails. [potion of mutation]
  2159 | D:3      | Gained mutation: You possess an exceptional clarity of mind. [potion of mutation]
  2159 | D:3      | Gained mutation: You have a pair of small horns on your head. [potion of mutation]
  2174 | D:3      | Reached XP level 5. HP: 5/36 MP: 6/6
  2175 | D:3      | Killed from afar by an orc priest

Vault maps used:
D:1:      minmay_arrival_shattered_statue
D:2:      ecumenical_altar_1
D:3:      xom_teletrap_fun, grunt_pakellas_mercury, uniq_jessica

Skill      XL: |  1  2  3 |
---------------+----------+-----
Long Blades    | 4 5 |  5.5
Dodging        | 4 |  4.3
Fighting       | |  3.5
Armour         | |  0.3
Stealth        | |  2.1
Spellcasting   | |  0.4

Action                   |  1- 3 |  4- 6 || total
-------------------------+-------+-------++-------
Melee: Falchion          |   118 |    68 ||   186
       Kick              |       |     3 ||     3
       Headbutt          |       |     3 ||     3
  Use: Potion            |     3 |     4 ||     7
 Stab: Invisible         |     3 |       ||     3
       Sleeping          |     3 |       ||     3
  Eat: Chunk             |     3 |     1 ||     4
Armor: Robe              |     9 |       ||     9
       Scale mail        |    15 |    18 ||    33
Dodge: Dodged            |    58 |    29 ||    87
